 Dungeon Crawl Stone Soup version 0.25.0-15-gac7dcb8919 (webtiles) character file.

Game seed: 16411676496534554023

101 EriolAelfwine the Ruffian (level 4, -1/40 HPs)
             Began as a Ghoul Monk on June 28, 2020.
             Slain by an iron imp (3 damage)
             ... summoned by Natasha
             ... on level 2 of the Dungeon.
             The game lasted 00:04:32 (1830 turns).

EriolAelfwine the Ruffian (Ghoul Monk)              Turns: 1830, Time: 00:04:32

Health: -1/40      AC:  2    Str: 14    XL:     4   Next: 75%
Magic:  3/3        EV: 12    Int:  6    God:
Gold:   65         SH:  0    Dex: 11    Spells: 3/3 levels left

rFire    . . .     SeeInvis .     - Unarmed
rCold    + . .     Gourm    .   (no shield)
rNeg     + + +     Faith    .   a - +0 robe
rPois    ∞         Spirit   .   (no helmet)
rElec    .         Reflect  .   (no cloak)
rCorr    .         Harm     .   (no gloves)
MR       .....                  (no boots)
Stlth    ++........             (no amulet)
HPRegen  0.00/turn              (no ring)
MPRegen  0.08/turn              (no ring)

@: rotting
A: rotting body, claws 1, carnivore, cold resistance 1, negative energy
resistance 3, inhibited regeneration, torment resistance, unbreathing
a: no special abilities


You were on level 2 of the Dungeon.
You were not hungry.

You visited 1 branch of the dungeon, and saw 2 of its levels.

You collected 65 gold pieces.

Inventory:

Armour
 a - a +0 robe (worn)
Jewellery
 h - an uncursed amulet of reflection {unknown}
 l - an uncursed ring of protection from cold {unknown}
Scrolls
 e - a scroll of fog {unknown}
 g - 2 scrolls of remove curse {unknown}
 i - 3 scrolls of teleportation {unknown}
 j - 2 scrolls of identify {unknown}
Potions
 d - a potion of heal wounds {unknown}
 f - a potion of brilliance {unknown}
 k - 2 potions of degeneration {unknown}
 m - a potion of curing {unknown}
Comestibles
 b - 3 rations


   Skills:
 + Level 4.2 Fighting
 - Level 2.6 Dodging
 - Level 2.1 Stealth
 * Level 5.1 Unarmed Combat


You had 3 spell levels left.
You didn't know any spells.
Your spell library was empty.

Dungeon Overview and Level Annotations

Branches:
Dungeon (2/15)

Altars:

Annotations:
D:2 Natasha, Robin


Innate Abilities, Weirdness & Mutations

Your body is rotting away.
You thrive on raw meat.
You are immune to poison.
You have sharp fingernails.
You are carnivorous and can eat meat at any time.
Your flesh is cold resistant. (rC+)
You are immune to negative energy. (rN+++)
You do not regenerate when monsters are visible.
You are immune to unholy pain and torment.
You can survive without breathing.


Message History

The crimson imp closely misses you.
You scratch Natasha but do no damage.
Natasha casts a spell.
The iron imp misses you.
You barely miss Natasha. The crimson imp hits you.
* * * LOW HITPOINT WARNING * * *
Natasha claws you.
* * * LOW HITPOINT WARNING * * *
You closely miss Natasha. Your claw misses Natasha. The crimson imp misses you.
The crimson imp barely misses you. The iron imp hits you.
* * * LOW HITPOINT WARNING * * *
Eat a chunk of flesh? (ye/n/q)
You eat the chunk of flesh.
This raw flesh tastes great!
Natasha mewls in sadness.
Natasha claws you.
* * * LOW HITPOINT WARNING * * *
The crimson imp blinks!
The crimson imp hits you but does no damage.
The iron imp hits you.
You die...

#...............
#############.#... #.....#
#.#... #.....# #.#... #
######.....# #.#... ...
#...##.....# #.#...
....#...##.....# #.....
.........h.§...# #.#...
........†5@....#######...>.
.........5....5......#.###.
....##....##########.#.# #.
... #....# #.#.# #. .
#....# #.#.# #. #.....
#.#.# #. #.###.# #.#.# #.
#. .# #.#.# #. #.#.# ##


You could see an iron imp (summoned), Natasha and 2 crimson imps.

Vanquished Creatures
  Natasha (D:2)
  An adder (D:2)
  A worm (D:2)
  3 dart slugs
  A ball python (D:1)
  5 bats
  4 giant cockroaches
  11 goblins
  8 hobgoblins
  5 jackals
  5 kobolds
  2 frilled lizards
  5 rats
52 creatures vanquished.

Notes
Turn   | Place    | Note
-------+----------+-------------------------------------------
     0 | D:1      | EriolAelfwine the Ghoul Monk began the quest for the Orb.
     0 | D:1      | Reached XP level 1. HP: 19/19 MP: 0/0
    60 | D:1      | Reached XP level 2. HP: 12/26 MP: 1/1
   522 | D:1      | Reached skill level 4 in Unarmed Combat
   718 | D:1      | Reached XP level 3. HP: 33/33 MP: 2/2
  1406 | D:2      | Noticed Natasha
  1433 | D:2      | Killed Natasha
  1433 | D:2      | Reached XP level 4. HP: 7/40 MP: 3/3
  1452 | D:2      | Reached skill level 5 in Unarmed Combat
  1688 | D:2      | Noticed Robin
  1816 | D:2      | Noticed Natasha
  1829 | D:2      | HP: 2/40 [iron imp[Natasha] (1)]
  1830 | D:2      | Slain by an iron imp

Illustrated notes

Levels and vault maps discovered:
D:1:      lightli_arrival_maybe_door_vault, layout_loops_cross,
          minmay_misc_feat_ornament
D:2:      layout_basic, uniq_robin, uniq_natasha

Skill      XL: |  1  2  3  4 |
---------------+-------------+-----
Unarmed Combat | 4 5 |  5.1
Fighting       | 4 |  4.2
Dodging        | |  2.6
Stealth        | |  2.1

Action                   |  1- 3 |  4- 6 || total
-------------------------+-------+-------++-------
Melee: Unarmed           |   151 |    32 ||   183
       Punch             |     1 |       ||     1
 Stab: Sleeping          |     3 |       ||     3
  Eat: Chunk             |     3 |     6 ||     9
Armor: Robe              |    41 |     3 ||    44
Dodge: Dodged            |   113 |    17 ||   130
